 Dungeon Crawl Stone Soup version 0.31-a0-844-gdc52ec4e09 (webtiles) character file.

Game seed: 14555364070949821684

61 lunkers the Insei (level 4, -13/25 HPs)
             Began as a Meteoran Shapeshifter on Sept 29, 2023.
             Was an Initiate of Ru.
             Killed by divine providence
             ... invoked by an orc priest
              (16 damage)
             ... on level 3 of the Dungeon.
             The game lasted 00:02:43 (1033 turns).

lunkers the Insei (Meteoran Shapeshifter)           Turns: 1033, Time: 00:02:43

Health: -13/25     AC:  9    Str: 15    XL:     4   Next: 51%
Magic:  5/5        EV: 10    Int: 11    God:    Ru [......]
Gold:   124        SH:  0    Dex: 16    Spells: 3/3 levels left

rFire   . .          .
                       - Unarmed
rCold   . . .        (shield currently unavailable)
rNeg    . . .        m - +0 scale mail
rPois   .            (no helmet)
rElec   .            i - scarf {shadows}
rCorr   .            q - +0 pair of gloves
SInv    .            l - +1 pair of boots
Will    .....        (no amulet) Stlth
                     (no ring)
HPRegen 0.24/turn    (no ring)
MPRegen 0.09/turn

%: no passive effects
@: flux-form, hasted, glowing, very quick
A: glow, contaminating, reduced hp, sense surroundings 1, otherworldly, glowing,
explore regen
a: Begin Untransformation, Renounce Religion


You were on level 3 of the Dungeon.
You worshipped Ru.
Ru was noncommittal.
You were something dangerously unstable.
You visited 1 branch of the dungeon, and saw 3 of its levels.

You collected 124 gold pieces.

Inventory:

Armour
 a - a +0 animal skin
 i - a scarf of shadows (worn)
 l - a +1 pair of boots (worn)
 m - a +0 scale mail (worn)
 q - a +0 pair of gloves (worn)
Talismans
 c - a beast talisman
 d - a flux talisman (active)
Scrolls
 k - a scroll of enchant weapon {unknown}
 o - a scroll of identify {unknown}
 p - a scroll of teleportation {unknown}
 r - a scroll of immolation {unknown}
Potions
 b - 2 potions of lignification
 e - a potion of attraction {unknown}
 f - a potion of brilliance {unknown}
 g - a potion of curing {unknown}
 h - 2 potions of ambrosia {unknown}
 j - 2 potions of haste
 n - a potion of invisibility {unknown}


   Skills:
 - Level 1.1 Fighting
 - Level 2.1 Dodging
 * Level 5.2 Unarmed Combat
 + Level 4.3 Shapeshifting


You had 3 spell levels left.
You didn't know any spells.
Your spell library contained the following spells:

 Spells                   Type           Power      Damage    Failure   Level
 Magic Dart               Conj           0%         1d3       83%         1
 Searing Ray              Conj           0%         2d4       92%         2
 Fulminant Prism          Conj/Hex       0%         3d5       100%        4


Dungeon Overview and Level Annotations

Branches:
Dungeon (3/15) Zot: 770

Altars:
Ru


Innate Abilities, Weirdness & Mutations

You are something dangerously unstable.
You glow with magical radiation, making you easy to see and hit.
Foes you strike become dangerously contaminated with magical radiation.
Your maximum health is decreased, since you lack skill for your form.
You are incapable of wielding weapons or throwing items.
You passively map a small area around you.
You are easily found by Zot.
You glow in the dark.
You regain HP and MP as you explore.


Message History

No target in view!
No target in view!
No target in view!
An orc wizard comes into view. It is wielding a +0 dagger.
Found a war axe.
The orc wizard shouts!
You hear a shout!
The orc wizard moves out of view.
An orc comes into view. It is wielding a +0 club.
The orc shouts!
You hear a shout!
An orc priest comes into view. It is wielding a +0 flail.
An orc priest comes into view. It is wielding a +0 dagger.
The orc priest calls down the wrath of Beogh upon you.
Pain shoots through your body!
The orc priest invokes the aid of Beogh against you.
Beogh smites you!
* * * LOW HITPOINT WARNING * * *
The orc wizard points at you and mumbles some strange words.
The magic dart hits you.
* * * LOW HITPOINT WARNING * * *
The orc wizard gestures at you while chanting.
The magic dart hits you.
* * * LOW HITPOINT WARNING * * *
You hit the orc.
The orc begins to glow.
The orc is moderately wounded.
The orc hits you with a +0 club.
* * * LOW HITPOINT WARNING * * *
You hit the orc.
The orc glows dangerously bright.
The orc is severely wounded.
The orc barely misses you.
Okay, then.
Okay, then.
It was a potion of haste.
You feel yourself speed up.
The orc priest miscasts a cantrip.
You hit the orc.
You kill the orc!
You closely miss the orc priest.
The orc priest invokes the aid of Beogh against you.
Beogh smites you!
Ouch! That really hurt!
You die...

,..... **, * *
* ####.#.###
#.# ** *
.........# #.#
...:.....# #.#
........o######
#.#
.......o.o..oo#
#.#
........#####.#
#.# *........#
#o####.##
........#
#p).....#
........#
#.####..# ##
.......)#* #(#
#..### ..
.....##.. ,..#
#..#.#** ,..
....# #..# ####
#...#.,, * #.#.
..# ###..#.# **
,* * #....#.#
.# #.#..#.# ..
, , #.#.##.# ##


You could see 2 orc priests and an orc wizard.

Vanquished Creatures
  2 adders
  A worm (D:2)
  An orc (D:3)
  2 ball pythons
  6 bats
  3 endoplasms
  2 giant cockroaches
  3 goblins
  5 hobgoblins
  3 jackals (D:2)
  A quokka (D:1)
  4 frilled lizards
  4 rats
37 creatures vanquished.

Notes
Turn   | Place    | Note
-------+----------+-------------------------------------------
     0 | D:1      | lunkers the Meteoran Shapeshifter began the quest for the
                  | Orb.
     0 | D:1      | Reached XP level 1. HP: 16/16 MP: 2/2
   153 | D:1      | Reached skill level 4 in Unarmed Combat
   153 | D:1      | Reached XP level 2. HP: 19/23 MP: 3/3
   346 | D:2      | Reached XP level 3. HP: 28/28 MP: 4/4
   526 | D:2      | Found a sacrificial altar of Ru.
   560 | D:2      | Became a worshipper of Ru the Awakened
   658 | D:2      | Reached XP level 4. HP: 21/35 MP: 5/5
   772 | D:2      | Reached skill level 5 in Unarmed Combat
  1033 | D:3      | Killed from afar by an orc priest

Illustrated notes

Levels and vault maps discovered:
D:1:      dpeg_arrival_more_subterranean_lakeside_camping, layout_rooms,
          chequers_big_river, minmay_tromino_i4
D:2:      layout_basic, basic_altar, grunt_ministairs_10
D:3:      layout_loops_ring

Skill      XL: |  1  2  3  4 |
---------------+-------------+-----
Unarmed Combat | 4 5 |  5.2
Shapeshifting  | 4 |  4.3
Fighting       | |  1.1
Dodging        | |  2.1

Action                     |  1- 3 |  4- 6 || total
---------------------------+-------+-------++-------
  Melee: Unarmed           |    82 |    27 ||   109
    Use: Potion            |       |     1 ||     1
 Armour: Animal skin       |    39 |       ||    39
         Scale mail        |     6 |    14 ||    20
  Dodge: Dodged            |    58 |    14 ||    72
   Form: Flux              |     1 |       ||     1

Table legend: (Time is in decaauts)
 A = Elapsed time spent in this place.
 B = Non-inter-level travel time spent in this place.
 C = Inter-level travel time spent in this place.
 D = Time resting spent in this place.
 E = Time spent auto-exploring this place.
 F = Levels seen in this place.
 G = Mean time per level.
                   A        B        C        D        E       F      G
               +--------+--------+--------+--------+--------+-----+--------+
         Total |   1029 |   1011 |     18 |      0 |    683 |   3 |  343.0 |
       Dungeon |   1029 |   1011 |     18 |      0 |    683 |   3 |  343.0 |
               +--------+--------+--------+--------+--------+-----+--------+

Top non-repeatable levels by time:
     D:2: 559 daAuts
     D:1: 329 daAuts
     D:3: 140 daAuts
